 Dungeon Crawl Stone Soup version 0.29.0-15-g675c0067aa (webtiles) character file.

Game seed: 13908492963262578992

323 greasedhog the Shooter (level 6, -3/35 HPs)
             Began as a Gargoyle Wanderer on Sept 12, 2022.
             Was a Follower of Hepliaklqana.
             Slain by a necrophage (6 damage)
             ... on level 5 of the Dungeon.
             The game lasted 00:04:35 (3345 turns).

greasedhog the Shooter (Gargoyle Wanderer)          Turns: 3345, Time: 00:04:36

Health: -3/35      AC: 11    Str: 13    XL:     6   Next: 47%
Magic:  7/7        EV: 11    Int:  9    God:    Hepliaklqana [*.....]
Gold:   149        SH:  0    Dex: 17    Spells: 3/7 levels left

rFire   . . .      SeeInvis .   a - +2 sling
rCold   . . .      Faith    .   (no shield)
rNeg    + . .      Spirit   .   g - +3 leather armour
rPois   ∞          Reflect  .   (no helmet)
rElec   +          Harm     .   (no cloak)
rCorr   .          Rampage  .   p - +0 pair of gloves
Will    .....                   (no boots)
Stlth   +.........              (no amulet)
HPRegen 0.11/turn               (no ring)
MPRegen 0.10/turn               (no ring)

@: no status effects
A: reduced essence, sickness immunity, AC +4, negative energy resistance 1,
electricity resistance, torment resistance 1, petrification resistance
a: Renounce Religion, Recall Ancestor, Ancestor Identity


You were on level 5 of the Dungeon.
You worshipped Hepliaklqana.
Hepliaklqana was aware of your devotion.
You visited 1 branch of the dungeon, and saw 5 of its levels.

You collected 149 gold pieces.

Inventory:

Hand Weapons
 a - a +2 sling (weapon)
 b - a +2 dagger of venom
Armour
 g - a +3 leather armour (worn)
 p - a +0 pair of gloves (worn)
Jewellery
 i - a ring of ice
Wands
 e - a wand of flame (6)
 j - a wand of paralysis (11)
 n - a wand of iceblast (10)
Scrolls
 c - a scroll of butterflies {unknown}
 d - a scroll of vulnerability {unknown}
 k - a scroll of poison
 m - a scroll of magic mapping
 q - a scroll of enchant armour {unknown}
Potions
 f - a potion of curing {unknown}
 h - 3 potions of attraction {unknown}
 l - 2 potions of cancellation {unknown}
 o - a potion of haste {unknown}
 r - a potion of might {unknown}
 s - a potion of flight {unknown}
 t - a potion of heal wounds {unknown}


   Skills:
 * Level 4.6 Fighting
 * Level 6.0 Ranged Weapons
 - Level 1.0 Dodging
 - Level 1.0 Spellcasting
 * Level 2.1 Hexes
 - Level 1.0 Invocations
 - Level 1.0 Evocations


You had 3 spell levels left.
You knew the following spells:

 Your Spells              Type           Power      Damage    Failure   Level
a - Slow                  Hex            16%        N/A       21%         1
b - Portal Projectile     Hex/Tloc       4%         N/A       67%         3

Your spell library contained the following spells:

 Spells                   Type           Power      Damage    Failure   Level
 Ensorcelled Hibernation  Hex/Ice        4%         N/A       43%         2
 Tukima's Dance           Hex            4%         N/A       52%         3
 Spider Form              Tmut/Pois      0%         N/A       80%         3
 Anguish                  Hex/Necr       1%         N/A       97%         4
 Passage of Golubria      Tloc           0%         N/A       99%         4
 Yara's Violent Unravell  Hex/Tmut       1%         3d3       100%        5


Dungeon Overview and Level Annotations

Branches:
Dungeon (5/15)
 Temple: D:4-7

Altars:
Cheibriados
Gozag
Hepliaklqana
Zin


Innate Abilities, Weirdness & Mutations

Your life essence is reduced to manifest your ancestor. (-10% HP)
You are immune to sickness and miasma.
Your stone body is resilient. (AC +4)
You are immune to poison.
You resist negative energy. (rN+)
You are resistant to electric shocks. (rElec)
You are resistant to unholy torment.
You are immune to petrification.


Message History

The necrophage is heavily damaged.
The necrophage hits Hsekiu.
Hsekiu closely misses the necrophage.
The ogre hits Hsekiu with a +0 giant club!!
Hsekiu is destroyed!
You shoot a sling bullet. The sling bullet hits the necrophage!
The necrophage is severely damaged.
You shoot a sling bullet.
The sling bullet barely misses the necrophage.
The sling bullet hits the ogre.
The ogre is moderately wounded.
You shoot a sling bullet.
The sling bullet barely misses the necrophage.
The necrophage hits you but does no damage.
The ogre attacks as you move away!
The ogre hits you with a +0 giant club!!
Ouch! That really hurt!
* * * LOW HITPOINT WARNING * * *
The necrophage attacks as you move away!
The necrophage barely misses you.
The necrophage attacks as you move away!
The necrophage hits you but does no damage.
The necrophage attacks as you move away!
The necrophage hits you but does no damage.
The necrophage hits you but does no damage.
The necrophage attacks as you move away!
The necrophage hits you but does no damage.
The necrophage attacks as you move away!
The necrophage barely misses you.
The necrophage attacks as you move away!
The necrophage barely misses you.
The necrophage attacks as you move away!
The necrophage hits you.
* * * LOW HITPOINT WARNING * * *
The necrophage attacks as you move away!
The necrophage barely misses you.
The necrophage attacks as you move away!
The necrophage closely misses you.
There is a stone staircase leading up here.
The necrophage hits you.
You die...

....###.............#
...####.............#
.#...##.............#
.###..######........#
.# ##.## #...[....#
.# #..#####........#
## ##.....#...O....#
#####......n...#
###....@..>#
#.######## #.# #.#
... ##


You could see an ogre and a necrophage.

Vanquished Creatures
  A scorpion (D:4)
  A hound (D:4)
  An orc priest (D:5)
  2 orc wizards (D:4)
  5 adders
  A worm (D:3)
  4 dart slugs
  8 orcs
  8 ball pythons
  4 endoplasms
  A giant cockroach (D:1)
  7 goblins
  3 hobgoblins
  2 quokkas
  5 bats
  3 frilled lizards
  8 kobolds
  3 rats
67 creatures vanquished.

Vanquished Creatures (collateral kills)
  An orc priest (D:5)
  An orc (D:5)
2 creatures vanquished.

Vanquished Creatures (others)
  An ancestor (D:5)
1 creature vanquished.

Grand Total: 70 creatures vanquished

Notes
Turn   | Place    | Note
-------+----------+-------------------------------------------
     0 | D:1      | greasedhog the Gargoyle Wanderer began the quest for the
                  | Orb.
     0 | D:1      | greasedhog set off with the following items: a +2 sling, a
                  | wand of flame (6), a scroll of fear, a +0 leather armour;
                  | and the following spell memorised: Slow; and the following
                  | spells available to memorise: Portal Projectile.
     0 | D:1      | Reached XP level 1. HP: 10/10 MP: 2/2
    94 | D:1      | Reached skill level 1 in Fighting
    96 | D:1      | Reached XP level 2. HP: 16/16 MP: 3/3
   748 | D:2      | Reached XP level 3. HP: 21/21 MP: 4/4
  1176 | D:2      | Found a faded altar of an unknown god.
  1327 | D:3      | Reached XP level 4. HP: 27/27 MP: 5/5
  1329 | D:3      | Found a snail-covered altar of Cheibriados.
  1954 | D:3      | Reached skill level 5 in Ranged Weapons
  2183 | D:4      | Found a hazy altar of Hepliaklqana.
  2199 | D:4      | Noticed a scorpion
  2209 | D:4      | Killed a scorpion
  2210 | D:4      | Reached XP level 5. HP: 21/33 MP: 4/6
  2213 | D:4      | Found an opulent altar of Gozag.
  2234 | D:4      | Became a worshipper of Hepliaklqana the Forgotten
  2391 | D:4      | Reached XP level 6. HP: 26/38 MP: 7/7
  2865 | D:4      | Reached * piety under Hepliaklqana
  3162 | D:5      | Entered Level 5 of the Dungeon
  3236 | D:5      | Reached skill level 6 in Ranged Weapons
  3261 | D:5      | Found a glowing silver altar of Zin.
  3286 | D:5      | Learned a level 3 spell: Portal Projectile
  3345 | D:5      | Slain by a necrophage

Illustrated notes

Levels and vault maps discovered:
D:1:      dpeg_arrival_arbitrary_a, layout_loops_ring
D:2:      layout_loops_ring, shapermc_ecumenical_altar_mp_urbaneastern
D:3:      layout_loops_ring, kennysheep_slug_shrine
D:4:      layout_basic, mainiacjoe_overflow_catwalk_spiral
D:5:      layout_rooms, zin_scriptorium, dancing_weapons_uskayaw,
          minmay_temple_entry_proselytizer

Skill      XL: |  1  2  3  4  5  6 |
---------------+-------------------+-----
Fighting       | 1 2 3 4 |  4.6
Ranged Weapons | 5 6 |  6.0
Hexes          | 2 |  2.1
Dodging        | |  1.0
Spellcasting   | |  1.0
Invocations    | |  1.0
Evocations     | |  1.0

Action                   |  1- 3 |  4- 6 || total
-------------------------+-------+-------++-------
Melee: Dagger            |       |    21 ||    21
 Fire: Sling             |    69 |   100 ||   169
 Cast: Slow              |     5 |     3 ||     8
  Use: Scroll            |       |     4 ||     4
       Potion            |       |     1 ||     1
Armor: Leather armour    |     5 |    24 ||    29
Dodge: Dodged            |    10 |    24 ||    34
